Map: [ESL] Hard Lead

Players

Cham - Winner!

  • Race: Zerg Zerg
  • Spawn Location: 5:00

HeroMarine

  • Race: Terran Terran
  • Spawn Location: 11:00

Event: ESL SC2 Masters 2023 Winter (Finals)

VOD

Have the link to the VOD?

Description

Time

  • Played on: Dec. 15, 2023, 3:47 p.m.
  • Length: 18:33

All games in this series

Show
View Real Time Build Order
Export as new Build Order

Cham Zerg - Winner!

Build Orders: Hatch First, Swarm Host 

Get SALT Encoding   

  12  0:00  Drone  
  13  0:12  Overlord  
  13  0:17  Drone  
  14  0:30  Drone x2  
  16  0:48  Hatchery  
  15  0:51  Drone  
  15  0:54  Drone  
  17  0:57  Drone  
  18  1:10  Spawning Pool  
  17  1:12  Extractor  
  17  1:16  Drone  
  17  1:19  Drone  
  18  1:27  Drone  
  19  1:38  Drone  
  20  1:48  Drone  
  21  1:59  Queen x2  
  21  2:00  Zergling x4  
  27  2:17  Hatchery  
  27  2:19  Overlord  
  27  2:21  Drone  
  26  2:31  Drone  
  26  2:32  Drone  
  28  2:38  Drone x2  
  30  2:46  Queen  
  32  2:53  Drone  
  33  2:58  Drone  
  33  3:02  Drone x2  
  33  3:05  Overlord  
  36  3:09  Extractor  
  36  3:10  Extractor x2, Drone x3  
  39  3:16  Overlord  
  39  3:25  Drone x2  
  39  3:26  Queen  
  43  3:28  Queen  
  43  3:31  Queen  
  47  3:35  Drone  
  47  3:37  Drone x2  
  50  3:44  Drone x3  
  50  3:46  Overlord  
  54  3:48  Drone x2  
  55  3:59  Drone x3  
  58  4:04  Queen  
  58  4:08  Drone x3  
  65  4:12  Drone  
  65  4:13  Overlord  
  66  4:22  Overlord  
  66  4:30  Queen  
  68  4:31  Drone  
  68  4:32  Drone x6, Extractor  
  68  4:33  Spore Crawler  
  68  4:36  Spore Crawler, Roach Warren  
  69  4:38  Queen  
  69  4:39  Spore Crawler  
  69  4:42  Drone x4  
  69  4:44  Drone  
  75  4:47  Lair  
  75  4:53  Metabolic Boost  
  75  4:57  Drone x5  
  80  5:01  Extractor x2  
  80  5:02  Overlord  
  80  5:03  Extractor x2  
  75  5:10  Drone x4  
  78  5:22  Drone x3  
  78  5:25  Overlord  
  78  5:26  Drone x2  
  78  5:27  Roach x2  
  78  5:28  Roach x2  
  86  5:38  Drone  
  86  5:39  Hatchery  
  86  5:41  Drone  
  86  5:42  Drone  
  90  5:43  Roach  
  90  5:45  Drone x2  
  92  5:50  Drone x2, Evolution Chamber x2  
  92  5:51  Roach x2  
  92  5:56  Roach  
  98  5:57  Overlord x2  
  98  6:03  Overlord x2  
  98  6:07  Overlord  
  98  6:10  Overlord  
  98  6:11  Roach, Overlord  
  97  6:13  Glial Reconstitution  
  97  6:21  Roach x4  
  98  6:34  Roach  
  98  6:35  Roach x7  
  98  6:39  Roach  
  116  6:42  Roach x2  
  116  6:43  Roach x2  
  116  6:46  Zerg Ground Armor Level 1  
  124  6:52  Zergling x4  
  124  6:53  Zergling x6  
  127  7:00  Zerg Missile Weapons Level 1  
  119  7:01  Zergling x2  
  119  7:02  Ravager x2  
  119  7:03  Ravager  
  119  7:04  Queen, Roach x2  
  125  7:09  Zergling x2, Roach x2  
  125  7:10  Zergling x2  
  125  7:13  Zergling x2  
  125  7:15  Roach, Overlord  
  134  7:17  Ravager x3  
  134  7:21  Drone x2  
  139  7:27  Roach x4  
  142  7:33  Roach  
  142  7:36  Roach  
  142  7:37  Roach x2  
  148  7:40  Ravager  
  148  7:42  Queen  
  151  7:45  Roach  
  151  7:46  Zergling x2, Roach  
  151  7:47  Zergling x2, Roach x2  
  151  7:48  Zergling x2  
  158  7:53  Roach x4  
  154  8:03  Zergling x2, Roach x3  
  141  8:08  Zergling x2, Roach  
  141  8:09  Roach  
  135  8:13  Roach  
  135  8:15  Roach  
  135  8:16  Zergling x6, Roach x2  
  135  8:19  Zergling x4, Roach x3  
  143  8:26  Zergling x6, Roach x2  
  144  8:32  Roach, Ravager x2  
  144  8:34  Ravager x2  
  150  8:35  Roach x3  
  154  8:46  Roach x4  
  139  8:51  Drone  
  139  8:53  Drone x4  
  139  8:54  Zerg Ground Armor Level 2  
  139  8:55  Zerg Missile Weapons Level 2  
  142  8:59  Ravager x2  
  142  9:00  Infestation Pit, Ravager  
  144  9:07  Zergling x4  
  144  9:09  Extractor x2, Drone x2  
  147  9:10  Drone x4  
  147  9:11  Zergling x4  
  147  9:13  Zergling x2  
  147  9:16  Zergling x4  
  155  9:23  Overlord  
  155  9:41  Swarm Host x4  
  155  9:42  Overlord  
  155  9:43  Overlord x5  
  167  9:50  Baneling Nest  
  166  10:00  Swarm Host x6  
  166  10:02  Swarm Host  
  166  10:06  Drone x4  
  191  10:07  Hatchery  
  191  10:10  Swarm Host  
  191  10:11  Swarm Host  
  191  10:12  Ravager  
  191  10:13  Ravager x3  
  194  10:41  Zergling x2  
  194  10:42  Zergling x16  
  198  10:45  Zergling x18  
  196  11:00  Zergling x2, Roach x2  
  197  11:10  Roach  
  197  11:11  Roach x11  
  163  11:19  Roach  
  163  11:22  Roach x3  
  163  11:23  Roach  
  163  11:25  Ravager x2  
  166  11:30  Zergling x2, Roach x2  
  166  11:32  Zergling x2  
  173  11:37  Ravager x4  
  173  11:38  Ravager x3  
  173  11:39  Zergling x2  
  182  11:40  Zergling x6  
  182  11:45  Ravager x5  
  182  11:46  Ravager x4  
  197  11:47  Roach x3  
  197  11:49  Overlord  
  198  11:59  Zergling x2, Roach x5  
  188  12:04  Roach x11  
  188  12:08  Zergling x2, Roach x2  
  199  12:12  Hive  
  199  12:15  Zergling x6  
  196  12:18  Ravager x2  
  196  12:19  Ravager  
  196  12:20  Zergling x6  
  193  12:37  Roach x4  
  193  12:38  Zergling x2  
  193  12:43  Roach  
  193  12:44  Zergling x4, Roach x10  
  194  12:58  Roach x8  
  175  12:59  Zergling x2, Roach x3  
  175  13:03  Ravager x2  
  175  13:04  Ravager  
  175  13:05  Zergling x2, Roach x3  
  187  13:12  Zergling x6  
  188  13:20  Zergling x2  
  188  13:21  Zergling x16  
  188  13:22  Ravager x3  
  200  13:29  Zerg Missile Weapons Level 3, Zerg Ground Armor Level 3  
  197  13:35  Infestor  
  195  13:44  Zergling x12  
  195  13:45  Zergling x12  
  196  13:55  Roach  
  183  13:59  Roach x6  
  183  14:00  Roach x4  
  193  14:05  Zergling x6  
  193  14:06  Zergling x6  
  199  14:11  Adrenal Glands  
  194  14:27  Roach  
  194  14:28  Zergling x2, Roach  
  196  14:43  Zergling x4, Roach x4  
  191  14:56  Zergling x18  
  185  15:09  Zergling x2, Roach  
  173  15:18  Roach x13  
  183  15:25  Roach x3  
  166  15:29  Roach  
  166  15:33  Zergling x2, Roach x2  
  161  15:37  Ravager  
  161  15:42  Roach x3  
  168  15:43  Ravager x5  
  168  15:47  Roach x3, Ravager x3  
  168  15:48  Ravager x5  
  187  15:51  Zergling x4  
  187  15:53  Zergling x2, Roach x2  
  187  15:55  Zergling x4, Roach x3  
  189  16:04  Zergling x2, Roach x3  
  189  16:05  Zergling x4  
  186  16:20  Infestor x2  
  186  16:21  Zergling x2, Roach x3  
  177  16:34  Roach x12  
  177  16:38  Zergling x2, Roach x2  
  194  16:56  Roach  
  194  16:57  Roach x2  
  199  17:11  Ravager x2  
  189  17:28  Roach x15  
  193  17:33  Overlord  
  193  17:36  Roach x8  
  180  17:43  Roach  
  180  17:44  Zergling x4, Roach x2  
  174  17:50  Ravager  
  174  17:51  Ravager x5  
  180  17:52  Roach x5  
  180  17:54  Hatchery  
  180  17:57  Queen  
  188  18:03  Roach  
  188  18:04  Zergling x2, Roach x5  
  195  18:14  Ravager x3  
  195  18:16  Zergling x2  
  196  18:32  Ravager  
  196  18:33  Ravager  
Show
View Real Time Build Order
Export as new Build Order

HeroMarine Terran 

Build Orders: Liberator Opening, Reaper Expand, Mech 

Get SALT Encoding   

  12  0:00  SCV  
  13  0:12  SCV  
  14  0:17  Supply Depot  
  14  0:25  SCV  
  15  0:39  Barracks, SCV  
  16  0:43  Refinery  
  16  0:51  SCV  
  17  1:03  SCV  
  18  1:15  SCV  
  19  1:26  Reaper  
  19  1:27  Orbital Command  
  20  1:39  Command Center  
  20  1:48  Supply Depot  
  20  1:53  SCV  
  21  1:58  Marine  
  22  2:05  SCV  
  23  2:12  Factory  
  23  2:17  SCV  
  23  2:20  Barracks Reactor  
  24  2:29  SCV  
  25  2:36  Command Center  
  25  2:41  SCV  
  26  2:53  SCV  
  26  2:54  Orbital Command  
  27  3:04  Starport  
  27  3:05  Hellion, SCV  
  30  3:07  Refinery  
  30  3:11  Hellion  
  32  3:14  Marine  
  32  3:17  SCV  
  35  3:20  SCV  
  35  3:28  Hellion  
  35  3:29  SCV  
  35  3:32  SCV  
  35  3:33  Hellion  
  41  3:40  Liberator  
  44  3:41  SCV  
  44  3:44  SCV  
  44  3:47  Orbital Command  
  46  3:54  Hellion, SCV  
  49  3:56  SCV  
  49  3:58  Hellion  
  52  4:05  Supply Depot  
  52  4:06  SCV  
  52  4:08  Factory, SCV  
  52  4:09  Barracks Reactor  
  54  4:16  SCV  
  55  4:18  SCV  
  55  4:19  Hellion  
  55  4:20  Hellion, SCV  
  61  4:28  Supply Depot  
  61  4:30  SCV x2, Supply Depot  
  63  4:32  SCV  
  64  4:39  Refinery x2  
  64  4:40  Hellion  
  64  4:42  Hellion  
  64  4:44  Factory  
  64  4:45  Orbital Command  
  68  4:46  SCV  
  68  4:50  SCV  
  70  4:54  Starport Tech Lab  
  70  4:57  Supply Depot  
  70  4:58  SCV  
  71  5:02  SCV  
  71  5:04  Cyclone x3  
  71  5:05  Cyclone  
  80  5:10  SCV  
  82  5:14  SCV  
  82  5:15  SCV  
  83  5:23  SCV  
  83  5:26  SCV  
  83  5:27  SCV  
  82  5:32  Supply Depot  
  82  5:33  Supply Depot x2  
  82  5:34  Hurricane Engines  
  82  5:35  SCV  
  80  5:38  SCV  
  80  5:39  SCV  
  80  5:42  Cyclone x4  
  90  5:43  Cyclone  
  90  5:47  SCV  
  93  5:50  Refinery  
  93  5:52  Refinery  
  93  5:54  SCV x2  
  95  6:01  SCV  
  95  6:02  Supply Depot  
  95  6:03  Factory  
  96  6:04  Factory  
  96  6:06  SCV x2  
  98  6:13  SCV  
  98  6:14  Cyclone  
  98  6:15  Cyclone x2  
  98  6:18  SCV x2  
  107  6:25  SCV  
  108  6:28  Command Center  
  108  6:30  SCV x2  
  106  6:37  SCV  
  106  6:38  Armory  
  106  6:39  Armory  
  106  6:42  Cyclone x2, SCV x2  
  106  6:46  Cyclone  
  112  6:49  SCV  
  109  6:54  SCV x2  
  109  6:55  Cyclone x2  
  109  7:00  Factory Reactor x2  
  113  7:01  SCV  
  113  7:02  Factory Tech Lab  
  113  7:06  SCV x2  
  114  7:13  SCV  
  114  7:14  Cyclone x2  
  119  7:15  Engineering Bay  
  119  7:16  Supply Depot  
  119  7:17  Supply Depot x2  
  119  7:18  SCV  
  119  7:20  Siege Tank  
  119  7:22  Cyclone  
  125  7:34  Terran Vehicle Weapons Level 1, Terran Vehicle And Ship Armor Level 1  
  125  7:38  SCV x3  
  125  7:40  Command Center  
  125  7:42  Cyclone x2  
  132  7:46  Siege Tank, Cyclone  
  132  7:49  Cyclone  
  133  7:52  Siege Tank  
  133  7:54  Cyclone x2  
  133  7:57  SCV  
  133  7:58  SCV  
  134  7:59  SCV  
  134  8:01  Orbital Command  
  116  8:09  Orbital Command, SCV  
  116  8:10  SCV  
  112  8:14  Cyclone x2  
  112  8:18  Cyclone  
  109  8:21  SCV  
  109  8:22  SCV  
  109  8:23  Cyclone  
  110  8:30  Planetary Fortress  
  110  8:33  SCV  
  110  8:34  SCV  
  110  8:35  SCV  
  110  8:36  Cyclone x2  
  110  8:38  Cyclone  
  118  8:45  SCV  
  118  8:46  SCV  
  118  8:47  SCV  
  114  8:50  Cyclone x2  
  114  8:51  Cyclone x2  
  120  8:57  SCV, Refinery x2  
  120  8:58  SCV  
  120  8:59  SCV  
  124  9:05  Infernal Pre-Igniter  
  124  9:09  SCV x2  
  126  9:10  SCV  
  126  9:11  SCV  
  126  9:13  Factory x2  
  126  9:16  Cyclone  
  126  9:17  Cyclone  
  131  9:20  Cyclone  
  131  9:21  Cyclone, SCV x2, Supply Depot  
  131  9:22  SCV  
  131  9:23  SCV  
  139  9:30  Refinery  
  139  9:33  SCV x2  
  139  9:34  SCV, Refinery  
  139  9:35  Sensor Tower, Cyclone, SCV  
  139  9:37  Planetary Fortress  
  145  9:38  Cyclone  
  145  9:42  Cyclone x2  
  151  9:45  SCV  
  151  9:46  SCV  
  151  9:47  SCV x2  
  151  9:50  Missile Turret x2  
  151  9:51  Terran Vehicle Weapons Level 2  
  155  9:54  Missile Turret  
  155  9:57  Terran Vehicle And Ship Armor Level 2  
  155  9:58  SCV x2  
  157  10:00  Hellion  
  157  10:01  Hellion x2, Factory Reactor x2  
  157  10:04  SCV x2  
  167  10:11  Command Center  
  167  10:12  SCV x2  
  167  10:13  SCV  
  170  10:16  Siege Tank  
  170  10:17  Siege Tank, SCV  
  170  10:18  SCV  
  176  10:29  Cyclone x3  
  176  10:31  Cyclone x2  
  178  10:40  Cyclone  
  178  10:42  Cyclone x2  
  178  10:45  Cyclone  
  178  10:47  Starport Reactor  
  178  10:48  Siege Tank, SCV  
  178  10:49  Siege Tank, Cyclone  
  187  10:50  Factory  
  187  10:52  Factory  
  181  10:57  SCV  
  181  11:00  SCV x4  
  181  11:01  Cyclone x2  
  181  11:03  Cyclone  
  186  11:04  Cyclone x2  
  165  11:12  Cyclone  
  165  11:14  Cyclone  
  165  11:15  Cyclone  
  165  11:17  Cyclone  
  165  11:18  SCV  
  162  11:19  SCV  
  162  11:20  Cyclone, SCV  
  162  11:21  Cyclone x2, SCV  
  162  11:22  SCV  
  169  11:31  Hi-Sec Auto Tracking  
  169  11:33  Cyclone x2  
  169  11:35  Cyclone, Factory Reactor x2  
  169  11:36  Cyclone  
  169  11:37  Cyclone  
  179  11:45  Cyclone  
  179  11:46  Cyclone, Refinery  
  185  11:47  Cyclone  
  185  11:48  Refinery  
  185  11:49  Cyclone  
  185  11:52  Siege Tank  
  185  11:53  Siege Tank  
  193  12:00  Cyclone  
  188  12:06  Cyclone x2  
  188  12:07  SCV x2  
  188  12:08  Cyclone  
  178  12:10  Cyclone x2  
  178  12:13  Command Center  
  176  12:16  Planetary Fortress  
  176  12:19  Cyclone  
  176  12:21  Cyclone x2  
  178  12:30  Command Center  
  178  12:36  Cyclone x7  
  188  12:40  Cyclone x2  
  188  12:43  Cyclone  
  168  12:49  SCV  
  161  12:52  Supply Depot x2  
  161  12:55  Cyclone  
  161  12:56  Cyclone x2  
  162  13:00  Cyclone x2  
  162  13:04  Cyclone  
  162  13:05  SCV  
  159  13:07  SCV  
  159  13:08  Cyclone, SCV x2  
  159  13:09  SCV  
  165  13:17  SCV  
  165  13:19  Cyclone x2  
  167  13:20  SCV  
  167  13:21  Cyclone x2  
  167  13:22  SCV x2  
  167  13:24  Cyclone x2  
  167  13:25  Cyclone  
  179  13:28  SCV  
  179  13:29  Cyclone, SCV  
  183  13:34  Cyclone  
  183  13:37  Cyclone  
  183  13:39  Cyclone  
  183  13:40  Cyclone  
  183  13:41  Cyclone  
  187  13:45  Cyclone x2  
  187  13:47  SCV  
  159  13:55  Cyclone  
  159  13:56  Cyclone x2  
  159  14:00  Cyclone x5  
  159  14:01  Cyclone  
  141  14:03  Orbital Command  
  141  14:06  Cyclone  
  141  14:08  Orbital Command  
  141  14:09  Cyclone  
  139  14:12  Cyclone x2  
  139  14:14  Cyclone  
  138  14:18  Cyclone  
  138  14:21  Cyclone  
  139  14:28  Cyclone x2  
  143  14:37  Cyclone x3  
  144  14:45  Cyclone  
  142  14:47  Cyclone x2  
  142  14:50  Cyclone  
  142  14:51  Cyclone  
  143  14:55  Cyclone  
  145  15:03  Cyclone  
  145  15:06  Cyclone x2  
  147  15:09  Cyclone  
  147  15:16  Cyclone  
  147  15:18  SCV x2  
  147  15:19  Cyclone x2  
  147  15:20  Cyclone  
  145  15:21  Cyclone  
  145  15:25  Orbital Command  
  145  15:27  Orbital Command  
  135  15:30  Cyclone x3  
  133  15:37  Cyclone x2  
  133  15:39  Cyclone  
  134  15:44  SCV  
  134  15:45  SCV  
  134  15:46  SCV  
  132  15:57  Cyclone  
  132  15:58  Cyclone  
  132  16:00  Cyclone  
  132  16:03  Cyclone  
  132  16:05  SCV  
  132  16:06  SCV  
  132  16:07  SCV  
  132  16:08  SCV  
  135  16:12  Cyclone  
  135  16:13  Cyclone  
  135  16:16  Cyclone  
  136  16:20  Cyclone  
  136  16:22  Cyclone  
  136  16:26  Cyclone  
  134  16:34  Cyclone  
  134  16:38  Cyclone x2  
  134  16:41  Cyclone  
  134  16:44  Cyclone  
  134  16:47  Cyclone  
  132  16:49  Viking x2  
  132  16:52  Cyclone  
  140  16:54  Cyclone  
  140  16:55  Factory  
  140  16:58  Cyclone x2  
  139  17:04  Orbital Command  
  139  17:06  Cyclone  
  141  17:10  Siege Tank  
  141  17:14  Cyclone  
  144  17:16  Cyclone  
  144  17:19  Cyclone  
  144  17:21  Orbital Command  
  137  17:24  Cyclone  
  137  17:27  Cyclone  
  112  17:32  Cyclone  
  97  17:40  Cyclone  
  97  17:42  Siege Tank  
  96  17:46  Siege Tank  
  96  17:48  Liberator x2  
Tags
 
Add a new tag
Caveats
  • Supply blocks, unpowered buildings, or Contaminate may cause inaccurate times.
  • Supply counts are checked every 10 seconds.